 Dungeon Crawl Stone Soup version 0.25.0-37-gb73750e0fb (console) character file.

Game seed: 1600333278655435078

7157 Colgate the Thrower (level 10, -1/96 HPs)
             Began as a Troll Abyssal Knight on July 8, 2020.
             Was a High Priest of Lugonu.
             Killed by divine providence
             ... invoked by an orc priest
              (12 damage)
             ... on level 1 of the Orcish Mines.
             The game lasted 01:54:41 (7718 turns).

Colgate the Thrower (Troll Abyssal Knight)          Turns: 7718, Time: 01:54:41

Health: -1/96      AC: 17    Str: 23    XL:     10   Next: 86%
Magic:  19/19      EV:  6    Int:  8    God:    Lugonu [*****.]
Gold:   494        SH:  0    Dex: 11    Spells: 9/9 levels left

rFire    . . .     SeeInvis .     - Unarmed
rCold    . . .     Gourm    +   (no shield)
rNeg     . . .     Faith    .   s - +0 storm dragon scales
rPois    .         Spirit   .   (helmet restricted)
rElec    +         Reflect  .   j - +0 cloak
rCorr    .         Harm     .   (gloves unavailable)
MR       .....                  (boots unavailable)
Stlth    ..........             (no amulet)
HPRegen  0.66/turn              l - ring of flight
MPRegen  0.16/turn              k - ring of magical power

@: lethally poisoned (-1 -> -1), very slightly contaminated
A: large, unfitting armour, claws 3, fast metabolism 3, gourmand, regeneration
1, shaggy fur 1, tough skin 3
a: Depart the Abyss, Bend Space, Banish, Corrupt, Enter the Abyss, Renounce
Religion, Evoke Flight


You were on level 1 of the Orcish Mines.
You worshipped Lugonu.
Lugonu was extremely pleased with you.
You were full.

You visited 2 branches of the dungeon, and saw 11 of its levels.
You visited the Abyss 1 time.

You collected 494 gold pieces.

Inventory:

Missiles
 e - 304 stones
 g - 5 atropa-tipped darts
 i - 3 throwing nets
 E - 6 boomerangs
 F - 30 poisoned darts (quivered)
 M - a large rock
Armour
 j - a +0 cloak (worn)
 m - a scarf of harm
 s - +0 storm dragon scales (worn)
 B - a +2 robe of positive energy
 H - +0 swamp dragon scales
 O - the +1 robe "Fones" {rElec Str-3 Stlth+}
   (You found it on level 9 of the Dungeon)

   It affects your strength (-3).
   It insulates you from electricity.
   It makes you more stealthy.
Jewellery
 k - a ring of magical power (right claw)
 l - a ring of flight (left claw)
Wands
 a - a wand of iceblast (7)
 y - a wand of paralysis (25)
 L - a wand of flame (14)
Scrolls
 c - 4 scrolls of remove curse
 d - 9 scrolls of identify
 f - a scroll of magic mapping {unknown}
 p - 2 scrolls of blinking
 q - a scroll of amnesia {unknown}
 t - 4 scrolls of immolation {unknown}
 u - 2 scrolls of holy word {unknown}
 v - 3 scrolls of enchant weapon
 x - 3 scrolls of teleportation
 D - 2 scrolls of fear {unknown}
 G - 3 scrolls of random uselessness {unknown}
 I - a scroll of summoning {unknown}
 J - a scroll of enchant armour {unknown}
Potions
 h - 2 potions of invisibility {unknown}
 n - 2 potions of stabbing {unknown}
 o - 3 potions of magic {unknown}
 r - 3 potions of might {unknown}
 w - 2 potions of brilliance {unknown}
 z - 2 potions of curing {unknown}
 A - a potion of lignification {unknown}
 C - 3 potions of degeneration
 K - a potion of mutation {unknown}
 N - 2 potions of flight {unknown}
Comestibles
 b - 22 rations


   Skills:
 - Level 5.0 Fighting
 + Level 10.4 Throwing
 - Level 4.0 Armour
 - Level 2.0 Dodging
 - Level 10.0 Unarmed Combat
 - Level 1.5 Invocations


You had 9 spell levels left.
You didn't know any spells.
Your spell library was empty.

Dungeon Overview and Level Annotations

Branches:
Dungeon (9/15)             Temple (0/1) D:5             Orc (2/2) D:9
    Elf (0/3) Orc:2
   Lair: D:8-11

Altars:
Okawaru
Ru
Trog


Innate Abilities, Weirdness & Mutations

You are too large for most types of armour.
You have claws for hands.
Your metabolism is lightning-fast.
You like to eat raw meat.
Your natural rate of healing is unusually fast.
You are covered in fur. (AC +1)
You have extremely tough skin. (AC +3)


Message History

The orc warrior is healed somewhat.
The orc wizard gestures at you while chanting.
The magic dart hits you but does no damage.
Found a bloodstained altar of Trog.
The orc wizard casts a spell at you.
The puff of frost hits you but does no damage.
The orc throws a poisoned dart.
The poisoned dart hits you!
You are poisoned.
You see here a poisoned dart.
You feel sick.
The orc throws a boomerang.
The boomerang hits you but does no damage.
The weapon returns to the orc!
The orc wizard hits you but does no damage.
You see here 28 gold pieces.
You feel sick.
The orc wizard hits you but does no damage.
You feel sick.
The orc priest mumbles some strange prayers to Beogh against you.
Beogh smites you!
You die...

### #####..##
##.#@....# ##
###...o...##
###.##.##......#
≈≈≈......oo....# #
#≈....$o..._.....
..#≈.....o.........
..'..##o(.o.........
..'...o#.#$#.....#..
..'....o##........
..#≈....#.........
###≈.......$....#


You could see an orc warrior (very poisoned), 2 orc priests, an orc wizard
(fast) and 4 orcs.

Vanquished Creatures
  Harold (D:9)
  An unseen horror (D:6)
  Pikel (D:7)
  Maggie (D:5)
  A troll (D:9)
  2 hippogriffs (D:8)
  A wyvern (D:9)
  Sigmund (D:2)
  Eustachio (D:4)
  Menkaure (D:7)
  A warg (D:9)
  Edmund (D:4)
  Duvessa (D:5)
  2 sky beasts
  A black bear (D:8)
  A necrophage (D:5)
  A phantom (D:5)
  2 ogres
  2 orc warriors (Orc:1)
  3 centaurs
  2 big kobolds (D:9)
  Blork the orc (D:4)
  8 bullfrogs
  Dowan (D:5)
  4 scorpions
  2 jellies (D:8)
  3 killer bees (D:8)
  4 wights (D:9)
  A howler monkey (D:6)
  2 crimson imps
  A centaur zombie (D:5)
  4 hounds
  5 orc priests
  A bullfrog skeleton (D:3)
  A bullfrog zombie (D:9)
  Crazy Yiuf (D:2)
  Jessica (D:2)
  Ijyb (D:3)
  Terence (D:3)
  2 iguanas (D:8)
  8 orc wizards
  Natasha (thrice) (D:3)
  8 worker ants
  2 killer bee zombies (D:8)
  8 gnolls
  7 adders
  A shadow imp (D:6)
  2 adder zombies
  2 worms (D:3)
  3 dart slugs
  40 orcs
  5 bats
  4 giant cockroaches
  7 goblins
  9 hobgoblins
  5 jackals
  10 kobolds
  2 quokkas (D:3)
  2 frilled lizards
  A quokka skeleton (D:6)
  A quokka zombie (D:5)
  4 rats
206 creatures vanquished.

Vanquished Creatures (others)
  A hound zombie (D:7)
  A plant (D:3)
2 creatures vanquished.

Grand Total: 208 creatures vanquished

Notes
Turn   | Place    | Note
-------+----------+-------------------------------------------
     0 | Abyss:1  | Colgate the Troll Abyssal Knight began the quest for the
                  | Orb.
     0 | Abyss:1  | Reached XP level 1. HP: 22/22 MP: 1/1
     5 | D:1      | Escaped the Abyss
   168 | D:1      | Reached XP level 2. HP: 29/29 MP: 2/2
   525 | D:1      | Reached ** piety under Lugonu
   739 | D:2      | Reached XP level 3. HP: 37/37 MP: 3/3
   811 | D:2      | Noticed Sigmund
   821 | D:2      | Killed Sigmund
   821 | D:2      | Reached skill level 5 in Fighting
   821 | D:2      | Reached XP level 4. HP: 43/50 MP: 4/4
   821 | D:2      | Reached XP level 5. HP: 49/57 MP: 5/5
   907 | D:2      | Found a runed translucent door.
   908 | D:2      | Noticed Crazy Yiuf
   919 | D:2      | Killed Crazy Yiuf
   919 | D:2      | Reached skill level 1 in Throwing
  1068 | D:2      | Noticed Jessica
  1070 | D:2      | Killed Jessica
  1169 | D:3      | Noticed Natasha
  1180 | D:3      | Killed Natasha
  1216 | D:3      | Noticed Terence
  1225 | D:3      | Killed Terence
  1225 | D:3      | Reached XP level 6. HP: 63/66 MP: 6/6
  1406 | D:3      | Noticed Natasha
  1454 | D:3      | Killed Natasha
  1754 | D:3      | Noticed Natasha
  1759 | D:3      | Killed Natasha
  1837 | D:3      | Noticed Ijyb
  1838 | D:3      | Paralysed by Ijyb for 5 turns
  1851 | D:3      | Killed Ijyb
  2087 | D:4      | You fall into a shaft and drop 1 floor!
  2087 | D:5      | Entered Level 5 of the Dungeon
  2145 | D:4      | Reached skill level 1 in Armour
  2149 | D:4      | Noticed Eustachio
  2163 | D:4      | Killed Eustachio
  2163 | D:4      | Reached XP level 7. HP: 67/72 MP: 7/7
  2252 | D:4      | Noticed Blork the orc
  2267 | D:4      | Killed Blork the orc
  2363 | D:4      | Noticed Edmund
  2389 | D:4      | Killed Edmund
  2476 | D:4      | Found a sacrificial altar of Ru.
  2750 | D:5      | Reached *** piety under Lugonu
  2799 | D:5      | Found a staircase to the Ecumenical Temple.
  2874 | D:5      | Reached skill level 5 in Unarmed Combat
  2874 | D:5      | Reached XP level 8. HP: 80/80 MP: 8/8
  3424 | D:6      | Noticed Duvessa
  3424 | D:6      | Noticed Dowan
  3424 | D:6      | Noticed Maggie
  3497 | D:5      | Killed Maggie
  3576 | D:5      | Killed Duvessa
  3584 | D:5      | Killed Dowan
  3700 | D:6      | Reached XP level 9. HP: 88/88 MP: 9/9
  3781 | D:6      | Killed an unseen horror
  3920 | D:6      | Reached skill level 10 in Unarmed Combat
  4615 | D:7      | Noticed Pikel
  4627 | D:7      | Killed Pikel
  4627 | D:7      | Reached skill level 5 in Throwing
  4927 | D:7      | Noticed Menkaure
  4950 | D:7      | Killed Menkaure
  5663 | D:8      | Found an iron altar of Okawaru.
  5943 | D:8      | Reached XP level 10. HP: 94/96 MP: 10/10
  6104 | D:8      | Reached **** piety under Lugonu
  6866 | D:9      | Noticed Harold
  6884 | D:9      | Killed Harold
  6976 | D:9      | Found a staircase to the Orcish Mines.
  7227 | D:9      | Got a fine robe
  7238 | D:9      | Identified the +1 robe "Fones" {rElec Str-3 Stlth+} (You
                  | found it on level 9 of the Dungeon)
  7271 | D:9      | Reached skill level 10 in Throwing
  7608 | Orc:1    | Entered Level 1 of the Orcish Mines
  7648 | Orc:2    | Entered Level 2 of the Orcish Mines
  7648 | Orc:2    | Found a staircase to the Elven Halls.
  7660 | Orc:2    | Noticed an orc sorcerer
  7681 | Orc:1    | Reached ***** piety under Lugonu
  7700 | Orc:1    | HP: 4/96 [orc warrior/+0 halberd of protection (1)]
  7710 | Orc:1    | Found a bloodstained altar of Trog.
  7718 | Orc:1    | Killed from afar by an orc priest

Illustrated notes

Levels and vault maps discovered:
D:1:      saegor_arrival_simple_a, layout_loops_ring,
          chequers_serial_rivers_small_3, chequers_garden
D:2:      layout_rooms, uniq_jessica, uniq_crazy_yiuf_cottage, uniq_sigmund
D:3:      layout_basic, serial_bayou, serial_bayou_pond_d, serial_bayou_pond_b,
          serial_bayou_pond_a, serial_bayou_lake_a, uniq_ijyb, uniq_natasha,
          uniq_terence
D:4:      layout_rooms, lemuel_coloured_pillars_altar, first_ration,
          uniq_edmund, uniq_blork_the_orc, uniq_eustachio
D:5:      kennysheep_big_flooded_room, layout_cave_pools,
          minmay_temple_entry_purple_smoke, corexii_item_surrounded_by_moat
D:6:      layout_basic, uniq_duvessa, uniq_maggie
D:7:      lemuel_ice_spiral_2, layout_basic, uniq_pikel, uniq_menkaure
D:8:      layout_gridville, basic_altar
D:9:      layout_basic, david_orc_3, uniq_harold
Orc:1:    layout_caves, basic_altar, minmay_orc_keep, uniq_josephine
Orc:2:    st_orc_rangers, layout_caves, basic_altar

Skill      XL: |  1  2  3  4  5  6  7  8  9 10 |
---------------+-------------------------------+-----
Fighting       | 3 5 |  5.0
Dodging        | 2 |  2.0
Throwing       | 2 3 4 6 10 | 10.4
Unarmed Combat | 4 5 8 10 | 10.0
Armour         | 2 3 4 |  4.0
Invocations    | |  1.5

Action                   |  1- 3 |  4- 6 |  7- 9 | 10-12 || total
-------------------------+-------+-------+-------+-------++-------
Melee: Unarmed           |    44 |   132 |   224 |   151 ||   551
       Punch             |       |     3 |     8 |     3 ||    14
 Fire: Hunting sling     |       |     2 |     8 |       ||    10
Throw: Stone             |    56 |    28 |    15 |       ||    99
       Large rock        |       |    13 |    45 |    23 ||    81
       Dart              |       |       |    54 |    69 ||   123
       Boomerang         |       |       |     6 |    27 ||    33
Invok: Bend Space        |       |       |     1 |     5 ||     6
Evoke: Wand              |       |       |       |     4 ||     4
  Use: Scroll            |       |       |     5 |     1 ||     6
  Eat: Chunk             |    13 |    13 |    34 |    13 ||    73
Armor: Robe              |    16 |    10 |     2 |       ||    28
       Storm dragon scal |       |    72 |   121 |   129 ||   322
       Swamp dragon scal |       |       |    30 |       ||    30
       Skin              |       |       |     1 |       ||     1
Dodge: Dodged            |    11 |    54 |    70 |    45 ||   180
